| TOP OF THE 1ST |
|
Tijuana Toros batting - Pitching for Houston Colt .45's : RHP Mike Wirick
|
|
Pitching: RHP Mike Wirick
|
|
|
Batting: RHB Theo Schepers
|
0-0: Ball 1-0: Fly out, F9 (Flyball, 89S, EV 86.9 MPH)
|
|
Batting: LHB Steve Pond
|
0-0: Called Strike 0-1: Ball 1-1: Ball 2-1: Swinging Strike 2-2: SINGLE (Flyball, 9S, EV 94.4 MPH)
|
|
Batting: RHB Chad Rojas
|
0-0: Ball 1-0: Fielders Choice at 2nd, 6-4 (Groundball, 6, EV 79.4 MPH)
|
|
Batting: LHB Nate Kee
|
0-0: SINGLE (Groundball, 34D, EV 95.0 MPH) Chad Rojas to second Runner from 2nd tries for 3rd, SAFE, throw by RF made to third
|
|
Batting: RHB Pat Adams
|
0-0: Ball 1-0: Ball 2-0: Called Strike 2-1: Called Strike 2-2: Hit by Pitch Nate Kee to second
|
|
Batting: RHB David Watkins
|
0-0: Ball 1-0: Fly out, F9 (Flyball, 9S, EV 91.9 MPH)
|
| Top of the 1st over - 0 runs, 2 hits, 0 errors, 3 left on base; Tijuana 0 - Houston 0 |
| BOTTOM OF THE 1ST |
|
Houston Colt .45's batting - Pitching for Tijuana Toros : RHP Kevin Fleming
|
|
Pitching: RHP Kevin Fleming
|
|
|
Batting: RHB Jarno van Lente
|
0-0: Foul Ball, location: 2F 0-1: Ball 1-1: Ball 2-1: Fly out, F8 (Flyball, 8RXD, EV 103.1 MPH)
|
|
Batting: LHB Bob Dietz
|
0-0: Foul Ball, location: 2F 0-1: SINGLE (Flyball, 6MD, EV 87.5 MPH)
|
|
Batting: RHB Bobby Dunn
|
0-0: Ball 1-0: Called Strike 1-1: Ball 2-1: Ground out 5-3 (Groundball, 56, EV 78.1 MPH) Bob Dietz to second
|
|
Batting: SHB Chris Keziah
|
0-0: Called Strike 0-1: Ball 1-1: Called Strike 1-2: Foul Ball, location: 2F 1-2: Fly out, F9 (Flyball, 9LM, EV 93.8 MPH)
|
| Bottom of the 1st over - 0 runs, 1 hit, 0 errors, 1 left on base; Tijuana 0 - Houston 0 |
| TOP OF THE 2ND |
|
Tijuana Toros batting - Pitching for Houston Colt .45's : RHP Mike Wirick
|
|
Batting: RHB Mike Kaczor
|
0-0: Fly out, F7 (Flyball, 7S, EV 90.6 MPH)
|
|
Batting: RHB Will Barksdale
|
0-0: Ball 1-0: Ball 2-0: Foul Ball, location: 2F 2-1: Swinging Strike 2-2: SINGLE (Flyball, 8RS, EV 89.4 MPH)
|
|
Batting: RHB Ruben Irizarry
|
0-0: Ball Passed Ball! Will Barksdale to second 1-0: Called Strike 1-1: Foul Ball, location: 2F 1-2: Foul Ball, location: 2F 1-2: Ball 2-2: Ball 3-2: Strikes out looking
|
|
Batting: RHB Theo Schepers
|
0-0: Ball 1-0: Swinging Strike 1-1: Fly out, F8 (Flyball, 8RS, EV 88.1 MPH)
|
| Top of the 2nd over - 0 runs, 1 hit, 0 errors, 1 left on base; Tijuana 0 - Houston 0 |
| BOTTOM OF THE 2ND |
|
Houston Colt .45's batting - Pitching for Tijuana Toros : RHP Kevin Fleming
|
|
Batting: RHB Nate Britton
|
0-0: Foul Ball, location: 2F 0-1: Swinging Strike 0-2: Ball 1-2: Strikes out swinging
|
|
Batting: RHB Jason Monico
|
0-0: Foul Ball, location: 2F 0-1: Ball 1-1: Ball 2-1: Ball 3-1: Base on Balls
|
|
Batting: RHB To-wai Chen
|
0-0: Called Strike 0-1: Ball 1-1: Foul Ball, location: 2F 1-2: Ground out 4-3 (Groundball, 34, EV 108.1 MPH) Jason Monico to second
|
|
Batting: RHB Keith Goodwin
|
0-0: Ground out 5-3 (Groundball, 56, EV 85.6 MPH)
|
| Bottom of the 2nd over - 0 runs, 0 hits, 0 errors, 1 left on base; Tijuana 0 - Houston 0 |
| TOP OF THE 3RD |
|
Tijuana Toros batting - Pitching for Houston Colt .45's : RHP Mike Wirick
|
|
Batting: LHB Steve Pond
|
0-0: Foul Ball, location: 2F 0-1: Ball 1-1: Ball 2-1: Ball 3-1: Called Strike 3-2: Base on Balls
|
|
Batting: RHB Chad Rojas
|
0-0: Called Strike 0-1: Fly out, F8 (Flyball, 8LM, EV 85.0 MPH)
|
|
Batting: LHB Nate Kee
|
0-0: Ball 1-0: Foul Ball, location: 2F 1-1: Foul Ball, location: 2F 1-2: Ball 2-2: Foul Ball, location: 2F 2-2: Foul Ball, location: 2F 2-2: Fly out, F8 (Flyball, 78D, EV 83.1 MPH)
|
|
Batting: RHB Pat Adams
|
0-0: Ball 1-0: Ball 2-0: Called Strike 2-1: Ball 3-1: Fly out, F9 (Line Drive, 9, EV 102.5 MPH)
|
| Top of the 3rd over - 0 runs, 0 hits, 0 errors, 1 left on base; Tijuana 0 - Houston 0 |
| BOTTOM OF THE 3RD |
|
Houston Colt .45's batting - Pitching for Tijuana Toros : RHP Kevin Fleming
|
|
Batting: RHB Erik Smith
|
0-0: Ball 1-0: Foul Ball, location: 2F 1-1: Fly out, F8 (Flyball, 8LM, EV 86.3 MPH)
|
|
Batting: RHB Jarno van Lente
|
0-0: Called Strike 0-1: Swinging Strike 0-2: Foul Ball, location: 2F 0-2: Strikes out looking
|
|
Batting: LHB Bob Dietz
|
0-0: Ball 1-0: Ball 2-0: Ball 3-0: Called Strike 3-1: Foul Ball, location: 2F 3-2: Foul Ball, location: 2F 3-2: Base on Balls
|
|
Batting: RHB Bobby Dunn
|
0-0: Called Strike 0-1: Swinging Strike 0-2: Ball 1-2: Ball 2-2: Foul Ball, location: 2F 2-2: Foul Ball, location: 2F 2-2: Strikes out looking
|
| Bottom of the 3rd over - 0 runs, 0 hits, 0 errors, 1 left on base; Tijuana 0 - Houston 0 |
| TOP OF THE 4TH |
|
Tijuana Toros batting - Pitching for Houston Colt .45's : RHP Mike Wirick
|
|
Batting: RHB David Watkins
|
0-0: Foul Ball, location: 2F 0-1: Fly out, F8 (Flyball, 8LM, EV 81.9 MPH)
|
|
Batting: RHB Mike Kaczor
|
0-0: Ground out U3 (Groundball, 34, EV 105.0 MPH)
|
|
Batting: RHB Will Barksdale
|
0-0: Ball 1-0: Called Strike 1-1: Ground out 4-3 (Groundball, 4S, EV 74.4 MPH)
|
| Top of the 4th over - 0 runs, 0 hits, 0 errors, 0 left on base; Tijuana 0 - Houston 0 |
| BOTTOM OF THE 4TH |
|
Houston Colt .45's batting - Pitching for Tijuana Toros : RHP Kevin Fleming
|
|
Batting: SHB Chris Keziah
|
0-0: Swinging Strike 0-1: Ground out 6-3 (Groundball, 6, EV 100.6 MPH)
|
|
Batting: RHB Nate Britton
|
0-0: Called Strike 0-1: Ball 1-1: Swinging Strike 1-2: Ball 2-2: Fly out, F9 (Flyball, 89D, EV 97.5 MPH)
|
|
Batting: RHB Jason Monico
|
0-0: Called Strike 0-1: Ground out U3 (Groundball, 34S, EV 86.9 MPH)
|
| Bottom of the 4th over - 0 runs, 0 hits, 0 errors, 0 left on base; Tijuana 0 - Houston 0 |
| TOP OF THE 5TH |
|
Tijuana Toros batting - Pitching for Houston Colt .45's : RHP Mike Wirick
|
|
Batting: RHB Ruben Irizarry
|
0-0: SINGLE (Groundball, 56D, EV 100.0 MPH)
|
|
Batting: RHB Theo Schepers
|
0-0: Foul Ball, location: 2F 0-1: Swinging Strike 0-2: Strikes out looking
|
|
Batting: LHB Steve Pond
|
0-0: Called Strike 0-1: Foul Ball, location: 2F 0-2: Foul Ball, location: 2F 0-2: Fly out, F8 (Flyball, 78M, EV 87.5 MPH)
|
|
Batting: RHB Chad Rojas
|
0-0: Ball Passed Ball! Ruben Irizarry to second 1-0: Foul Ball, location: 2F 1-1: Ball 2-1: Foul Ball, location: 2F 2-2: Fly out, F6 (Popup, 6M, EV 73.8 MPH)
|
| Top of the 5th over - 0 runs, 1 hit, 0 errors, 1 left on base; Tijuana 0 - Houston 0 |
| BOTTOM OF THE 5TH |
|
Houston Colt .45's batting - Pitching for Tijuana Toros : RHP Kevin Fleming
|
|
Batting: RHB To-wai Chen
|
0-0: Ball 1-0: Called Strike 1-1: Foul Ball, location: 2F 1-2: Foul Ball, location: 2F 1-2: Strikes out swinging
|
|
Batting: RHB Keith Goodwin
|
0-0: Ball 1-0: Ground out 1-3 (Groundball, 13, EV 75.0 MPH)
|
|
Batting: RHB Erik Smith
|
0-0: Called Strike 0-1: SINGLE (Line Drive, 78S, EV 100.6 MPH)
|
|
Batting: RHB Jarno van Lente
|
0-0: Ball 1-0: Ball 2-0: Foul Ball, location: 2F 2-1: Foul Ball, location: 2F 2-2: Ball 3-2: Foul Ball, location: 2F 3-2: Strikes out swinging
|
| Bottom of the 5th over - 0 runs, 1 hit, 0 errors, 1 left on base; Tijuana 0 - Houston 0 |
| TOP OF THE 6TH |
|
Tijuana Toros batting - Pitching for Houston Colt .45's : RHP Mike Wirick
|
|
Batting: LHB Nate Kee
|
0-0: Ball 1-0: Ball 2-0: Called Strike 2-1: Foul Ball, location: 2F 2-2: Foul Ball, location: 2F 2-2: Foul Ball, location: 2F 2-2: Strikes out swinging
|
|
Batting: RHB Pat Adams
|
0-0: Ball 1-0: Ground out 3-1 (Groundball, 34, EV 103.8 MPH)
|
|
Batting: RHB David Watkins
|
0-0: Called Strike 0-1: Ball 1-1: Swinging Strike 1-2: SINGLE (Groundball, 56D, EV 98.8 MPH)
|
|
Batting: RHB Mike Kaczor
|
0-0: Ball 1-0: Ball 2-0: Foul Ball, location: 2F 2-1: Ball Passed Ball! David Watkins to second 3-1: Base on Balls
|
|
Batting: RHB Will Barksdale
|
0-0: Ball 1-0: Ball 2-0: Foul Ball, location: 2F 2-1: SINGLE (Groundball, 6MD, EV 107.5 MPH) David Watkins to third Mike Kaczor to second
|
|
Batting: RHB Ruben Irizarry
|
0-0: Ball 1-0: Ball Passed Ball! David Watkins scores Mike Kaczor to third Will Barksdale to second 2-0: Ball 3-0: Base on Balls
|
|
Batting: RHB Theo Schepers
|
0-0: Ball 1-0: Called Strike 1-1: Ball 2-1: Called Strike 2-2: Strikes out swinging
|
| Top of the 6th over - 1 run, 2 hits, 0 errors, 3 left on base; Tijuana 1 - Houston 0 |
| BOTTOM OF THE 6TH |
|
Houston Colt .45's batting - Pitching for Tijuana Toros : RHP Kevin Fleming
|
|
Batting: LHB Bob Dietz
|
0-0: Fly out, F8 (Flyball, 89XD, EV 100.6 MPH)
|
|
Batting: RHB Bobby Dunn
|
0-0: Ball 1-0: Ball 2-0: Swinging Strike 2-1: Ball 3-1: Fly out, F7 (Line Drive, 7, EV 90.6 MPH)
|
|
Batting: SHB Chris Keziah
|
0-0: Called Strike 0-1: Called Strike 0-2: Ball 1-2: Ground out 4-3 (Groundball, 4MS, EV 70.0 MPH)
|
| Bottom of the 6th over - 0 runs, 0 hits, 0 errors, 0 left on base; Tijuana 1 - Houston 0 |
| TOP OF THE 7TH |
|
Tijuana Toros batting - Pitching for Houston Colt .45's : RHP Mike Wirick
|
|
Batting: LHB Steve Pond
|
0-0: Ball 1-0: Foul Ball, location: 2F 1-1: Ground out 4-3 (Groundball, 4, EV 85.6 MPH)
|
|
Batting: RHB Chad Rojas
|
0-0: Called Strike 0-1: Ball 1-1: Ball 2-1: Ball 3-1: SINGLE (Groundball, 6D, EV 103.8 MPH)
|
|
Pitching: LHP T.J. Westover
|
|
|
Batting: LHB Nate Kee
|
0-0: Ball Chad Rojas is caught stealing 2nd base 2-6 1-0: Called Strike 1-1: Called Strike 1-2: Fly out, F7 (Flyball, 7D, EV 83.8 MPH)
|
| Top of the 7th over - 0 runs, 1 hit, 0 errors, 0 left on base; Tijuana 1 - Houston 0 |
| BOTTOM OF THE 7TH |
|
Houston Colt .45's batting - Pitching for Tijuana Toros : RHP Kevin Fleming
|
|
Pitching: RHP Jordan Amaker
|
|
|
Batting: RHB Nate Britton
|
0-0: Ball 1-0: Foul Ball, location: 2F 1-1: Foul Ball, location: 2F 1-2: Fly out, F9 (Flyball, 9LM, EV 88.8 MPH)
|
|
Batting: RHB Jason Monico
|
0-0: Ball 1-0: Swinging Strike 1-1: Foul Ball, location: 2F 1-2: Ball 2-2: Strikes out looking
|
|
Batting: RHB To-wai Chen
|
0-0: Ball 1-0: Called Strike 1-1: Ball 2-1: Ball 3-1: Called Strike 3-2: Foul Ball, location: 2F 3-2: Foul Ball, location: 2F 3-2: Foul Ball, location: 2F 3-2: Foul Ball, location: 2F 3-2: SINGLE (Line Drive, 56D, EV 94.4 MPH)
|
|
Batting: RHB Keith Goodwin
|
0-0: Called Strike 0-1: Called Strike 0-2: SINGLE (Groundball, 56, EV 93.8 MPH) To-wai Chen to second
|
|
Batting: RHB Erik Smith
|
0-0: Swinging Strike 0-1: Called Strike 0-2: Foul Ball, location: 2F 0-2: Foul Ball, location: 2F 0-2: Ball 1-2: Ball 2-2: Strikes out swinging
|
| Bottom of the 7th over - 0 runs, 2 hits, 0 errors, 2 left on base; Tijuana 1 - Houston 0 |
| TOP OF THE 8TH |
|
Tijuana Toros batting - Pitching for Houston Colt .45's : LHP T.J. Westover
|
|
Batting: RHB Pat Adams
|
0-0: Called Strike 0-1: Ball 1-1: Foul Ball, location: 2F 1-2: Ball 2-2: Strikes out swinging
|
|
Batting: RHB David Watkins
|
0-0: Ball 1-0: Foul Ball, location: 2F 1-1: Foul Ball, location: 2F 1-2: Ball 2-2: Ball 3-2: Base on Balls
|
|
Batting: RHB Mike Kaczor
|
0-0: Ball 1-0: Called Strike 1-1: Fly out, F7 (Flyball, 78M, EV 89.4 MPH)
|
|
Pitching: RHP Russ Greer
|
|
|
Pinch Hitting: LHB Mesfin Azagba
|
0-0: Ball 1-0: Ball 2-0: Called Strike 2-1: Ball 3-1: Base on Balls David Watkins to second
|
|
Batting: RHB Ruben Irizarry
|
0-0: Ball 1-0: Called Strike 1-1: DOUBLE (Groundball, 5L, EV 100.0 MPH) David Watkins scores Mesfin Azagba to third Runner from 3rd tries for Home, SAFE, throw by LF to trailing runner, SAFE at third!
|
|
Batting: RHB Theo Schepers
|
0-0: Ball 1-0: Ball 2-0: 2-RUN HOME RUN (Flyball, 7D, EV 104.4 MPH), Distance : 413 ft
|
|
Batting: LHB Steve Pond
|
0-0: Ball 1-0: Ball 2-0: Ball 3-0: Base on Balls
|
|
Batting: RHB Chad Rojas
|
0-0: Called Strike 0-1: Ball 1-1: Ball 2-1: Ball 3-1: SINGLE (Line Drive, 7LS, EV 102.5 MPH) Steve Pond to second
|
|
Pitching: RHP Tim Watson
|
|
|
Batting: LHB Nate Kee
|
0-0: Ball 1-0: Called Strike 1-1: SINGLE (Flyball, 6D, EV 95.6 MPH) Steve Pond to third Chad Rojas to second Runner from 3rd tries for Home, SAFE, throw by CF to home
|
|
Batting: RHB Pat Adams
|
0-0: Ball 1-0: Foul Ball, location: 2F 1-1: Swinging Strike Passed Ball! Chad Rojas to third Nate Kee to second 1-2: Foul Ball, location: 2F 1-2: Ball 2-2: Ground out 6-3 (Groundball, 6, EV 90.0 MPH)
|
| Top of the 8th over - 5 runs, 4 hits, 0 errors, 2 left on base; Tijuana 6 - Houston 0 |
| BOTTOM OF THE 8TH |
|
Houston Colt .45's batting - Pitching for Tijuana Toros : RHP Jordan Amaker
|
|
Now in LF: Joe Bower
|
|
|
Batting: RHB Jarno van Lente
|
0-0: Swinging Strike 0-1: Called Strike 0-2: Strikes out swinging
|
|
Batting: LHB Bob Dietz
|
0-0: Ball 1-0: Foul Ball, location: 2F 1-1: Ground out 3-1 (Groundball, 34S, EV 86.9 MPH)
|
|
Batting: RHB Bobby Dunn
|
0-0: Ball 1-0: Called Strike 1-1: Fly out, F8 (Flyball, 8RD, EV 103.1 MPH)
|
| Bottom of the 8th over - 0 runs, 0 hits, 0 errors, 0 left on base; Tijuana 6 - Houston 0 |
| TOP OF THE 9TH |
|
Tijuana Toros batting - Pitching for Houston Colt .45's : RHP Tim Watson
|
|
Batting: RHB David Watkins
|
0-0: Swinging Strike 0-1: Ball 1-1: Foul Ball, location: 2F 1-2: Ball 2-2: Foul Ball, location: 2F 2-2: Fly out, F9 (Flyball, 9, EV 75.6 MPH)
|
|
Batting: RHB Mike Kaczor
|
0-0: Called Strike 0-1: Fly out, F8 (Flyball, 8LXD, EV 86.9 MPH)
|
|
Batting: RHB Joe Bower
|
0-0: Ball 1-0: Fly out, F8 (Flyball, 8RM, EV 88.8 MPH)
|
| Top of the 9th over - 0 runs, 0 hits, 0 errors, 0 left on base; Tijuana 6 - Houston 0 |
| BOTTOM OF THE 9TH |
|
Houston Colt .45's batting - Pitching for Tijuana Toros : RHP Jordan Amaker
|
|
Batting: SHB Chris Keziah
|
0-0: Ball 1-0: Called Strike 1-1: Ball 2-1: Foul Ball, location: 2F 2-2: Strikes out swinging
|
|
Pitching: RHP Balinda Msrah
|
|
|
Batting: RHB Nate Britton
|
0-0: Ball 1-0: Ball 2-0: SINGLE (Line Drive, 8RS, EV 104.4 MPH)
|
|
Batting: RHB Jason Monico
|
0-0: Foul Ball, location: 2F 0-1: Grounds into double play, 5-4-3 (Groundball, 56, EV 86.3 MPH)
|
| Bottom of the 9th over - 0 runs, 1 hit, 0 errors, 0 left on base; Tijuana 6 - Houston 0 |
|